 Dungeon Crawl Stone Soup version 0.30-a0-626-gd6a5dd7a1f (webtiles) character file.

Game seed: 15556534096944356516

63 Citaku the Covered (level 3, 0/33 HPs)
             Began as a Minotaur Fighter on Jan 11, 2023.
             Slain by a gnoll
             ... wielding a +1 spear of flaming
              (2 damage)
             ... on level 2 of the Dungeon.
             The game lasted 00:01:28 (884 turns).

Citaku the Covered (Minotaur Fighter)                Turns: 884, Time: 00:01:28

Health: 0/33       AC:  7    Str: 22    XL:     3   Next: 87%
Magic:  2/2        EV:  9    Int:  5    God:
Gold:   72         SH:  4    Dex:  9    Spells: 2/2 levels left

rFire   . . .      SeeInvis .    a - +0 war axe
rCold   . . .      Faith    .    c - +0 buckler
rNeg    . . .      Spirit   .    b - +0 scale mail
rPois   .          Reflect  .    (helmet restricted)
rElec   .          Harm     .    (no cloak)
rCorr   .          Rampage  .    (no gloves)
Will    .....                    (no boots) Stlth
                                 (no amulet)
HPRegen 0.25/turn                i - ring of flight
MPRegen 0.08/turn                (no ring)

@: flying
A: horns 2, retaliatory headbutt
a: no special abilities


You were on level 2 of the Dungeon.
You visited 1 branch of the dungeon, and saw 2 of its levels.

You collected 72 gold pieces.

Inventory:

Hand Weapons
 a - a +0 war axe (weapon)
Armour
 b - a +0 scale mail (worn)
 c - a +0 buckler (worn)
Jewellery
 i - a ring of flight (left hand)
Scrolls
 f - a scroll of amnesia {unknown}
 g - a scroll of identify {unknown}
 j - a scroll of teleportation {unknown}
 k - a scroll of enchant weapon {unknown}
 l - a scroll of fear {unknown}
Potions
 d - a potion of might
 e - a potion of curing {unknown}
 h - a potion of mutation {unknown}


   Skills:
 + Level 4.1 Fighting
 * Level 3.5 Axes
 * Level 4.4 Armour
 + Level 4.1 Shields


You had 2 spell levels left.
You didn't know any spells.
Your spell library was empty.

Dungeon Overview and Level Annotations

Branches:
Dungeon (2/15)

Altars:
The Shining One

Annotations:
D:1 1 transporter


Innate Abilities, Weirdness & Mutations

You have a pair of horns on your head.
You reflexively headbutt those who attack you in melee.


Message History

You barely miss the gnoll.
The gnoll is severely wounded.
The gnoll hits you from afar with a +1 spear of flaming.
The gnoll burns you.
The gnoll hits you with a +0 whip of freezing.
The gnoll freezes you.
The gnoll hits you with a +0 whip of freezing.
The gnoll freezes you.
The gnoll hits you from afar with a +1 spear of flaming.
The gnoll burns you. The rat bites you but does no damage.
You block the gnoll's attack. The gnoll barely misses you.
The rat bites you but does no damage.
You closely miss the rat. You headbutt the rat.
You kill the rat!
You hit the gnoll. The gnoll barely misses you. You furiously retaliate!
You headbutt the gnoll.
You kill the gnoll!
The gnoll hits you from afar with a +1 spear of flaming.
The gnoll burns you.
You hit the gnoll but do no damage. Your headbutt misses the gnoll.
The gnoll hits you but does no damage. x2
You hit the gnoll.
The gnoll is moderately wounded.
The gnoll barely misses you. The gnoll hits you but does no damage.
The gnoll closely misses you. You furiously retaliate!
You headbutt the gnoll!
You kill the gnoll!
The gnoll hits you with a +1 spear of flaming.
* * * LOW HITPOINT WARNING * * *
The gnoll burns you.
* * * LOW HITPOINT WARNING * * *
You see here a rat corpse.
You closely miss the gnoll.
The gnoll hits you with a +1 spear of flaming.
* * * LOW HITPOINT WARNING * * *
The gnoll burns you.
* * * LOW HITPOINT WARNING * * *
You hit the gnoll but do no damage. Your headbutt misses the gnoll.
You block the gnoll's attack.
The gnoll hits you with a +1 spear of flaming.
You die...

.........
.........#.......
#.###....# ......
#.#........ ....#
#.#........##...#
#.#.............#####
#.†.................##..
...............).)......
.......... #....@g......
...#...... #....).......
...##.#### #............
#.....######............
.....###................
####...........#########
...............#
####.###.####[.# #.#
#....#..#


You could see a gnoll.

Vanquished Creatures
  2 gnolls (D:2)
  An adder (D:2)
  A worm (D:2)
  2 dart slugs (D:1)
  3 bats
  An endoplasm (D:1)
  5 goblins
  3 hobgoblins
  2 kobolds (D:2)
  A quokka (D:1)
  3 ball pythons
  A frilled lizard (D:2)
  3 rats
28 creatures vanquished.

Notes
Turn   | Place    | Note
-------+----------+-------------------------------------------
     0 | D:1      | Citaku the Minotaur Fighter began the quest for the Orb.
     0 | D:1      | Reached XP level 1. HP: 19/19 MP: 0/0
   122 | D:1      | Found a faded altar of an unknown god.
   143 | D:1      | Reached XP level 2. HP: 24/27 MP: 1/1
   732 | D:2      | Found a glowing golden altar of the Shining One.
   751 | D:2      | Reached XP level 3. HP: 26/33 MP: 2/2
   883 | D:2      | HP: 1/33 [gnoll/+1 spear of flaming (1)]
   884 | D:2      | Slain by a gnoll

Illustrated notes

Levels and vault maps discovered:
D:1:      spicycebolla_arrival_risky_transporter, layout_loops_cross,
          ebering_ecumenical_altar_box
D:2:      layout_basic, basic_altar, uniq_crazy_yiuf_cottage

Skill      XL: |  1  2  3 |
---------------+----------+-----
Armour         | 4 |  4.4
Axes           | 3 |  3.5
Shields        | 4 |  4.1
Fighting       | 4 |  4.1

Action                   || total
-------------------------++-------
Melee: War axe           ||    54
       Headbutt          ||     4
Armor: Scale mail        ||    32
Dodge: Dodged            ||    40
Block: Buckler           ||    19

Table legend: (Time is in decaauts)
 A = Elapsed time spent in this place.
 B = Non-inter-level travel time spent in this place.
 C = Inter-level travel time spent in this place.
 D = Time resting spent in this place.
 E = Time spent auto-exploring this place.
 F = Levels seen in this place.
 G = Mean time per level.
                   A        B        C        D        E       F      G
               +--------+--------+--------+--------+--------+-----+--------+
         Total |    904 |    877 |     27 |      0 |    658 |   2 |  452.0 |
       Dungeon |    904 |    877 |     27 |      0 |    658 |   2 |  452.0 |
               +--------+--------+--------+--------+--------+-----+--------+

Top non-repeatable levels by time:
     D:1: 742 daAuts
     D:2: 161 daAuts
